 Dungeon Crawl Stone Soup version 0.25.1-2-g60ff931df9 (webtiles) character file.

Game seed: 18166384434670044457

50 DearestLeader the Chopper (level 3, 0/28 HPs)
             Began as a Demonspawn Gladiator on Nov 3, 2020.
             Slain by an orc
             ... wielding a +2 dagger of electrocution
              (16 damage)
             ... on level 3 of the Dungeon.
             The game lasted 00:02:46 (2074 turns).

DearestLeader the Chopper (Demonspawn Gladiator)    Turns: 2074, Time: 00:02:46

Health: 0/28       AC:  9    Str: 15    XL:     3   Next: 55%
Magic:  0/3        EV: 10    Int: 15    God:
Gold:   126        SH:  0    Dex: 14    Spells: 2/2 levels left

rFire    . . .     SeeInvis .   a - +0 war axe
rCold    . . .     Gourm    .   (no shield)
rNeg     . . .     Faith    .   t - +0 scale mail (curse)
rPois    .         Spirit   +   c - +0 helmet
rElec    .         Reflect  .   (no cloak)
rCorr    .         Harm     .   (no gloves)
MR       .....                  u - +1 pair of boots
Stlth    ..........             e - amulet of guardian spirit
HPRegen  0.09/turn              r - +6 ring of intelligence
MPRegen  0.08/turn              (no ring)

@: no status effects
A: powered by pain 1
a: no special abilities


You were on level 3 of the Dungeon.
You were not hungry.

You visited 1 branch of the dungeon, and saw 3 of its levels.

You collected 126 gold pieces.

Inventory:

Hand Weapons
 a - a +0 war axe (weapon)
Missiles
 d - 3 throwing nets (quivered)
Armour
 b - a +0 leather armour
 c - a +0 helmet (worn)
 g - a +0 plate armour
 t - a cursed +0 scale mail (worn)
 u - a +1 pair of boots (worn)
Jewellery
 e - an amulet of guardian spirit (around neck)
 r - a +6 ring of intelligence (left hand)
Scrolls
 m - a scroll of teleportation {unknown}
 p - a scroll of immolation {unknown}
 q - a scroll of fog
 v - a scroll of blinking {unknown}
Potions
 h - a potion of haste {unknown}
 j - 2 potions of curing {unknown}
 k - a potion of invisibility {unknown}
 l - 2 potions of flight {unknown}
 n - 2 potions of stabbing {unknown}
 o - a potion of resistance {unknown}
 s - 2 potions of heal wounds {unknown}
 w - a potion of lignification {unknown}
Comestibles
 f - 5 rations
 i - a chunk of flesh


   Skills:
 + Level 2.5 Fighting
 * Level 3.3 Axes
 - Level 1.7 Throwing
 + Level 1.1 Armour
 - Level 3.0 Dodging


You had 2 spell levels left.
You didn't know any spells.
Your spell library was empty.

Dungeon Overview and Level Annotations

Branches:
Dungeon (3/15)

Altars:


Innate Abilities, Weirdness & Mutations

You sometimes gain a little power by taking damage.


Message History

Unknown command.
You hit the jackal.
The jackal is heavily wounded.
The jackal closely misses you.
The jackal bites you but does no damage.
You closely miss the jackal.
The jackal is heavily wounded.
The jackal bites you but does no damage. x2
You hit the jackal.
The jackal is almost dead.
The jackal closely misses you.
The jackal bites you but does no damage.
You slash the jackal!
You kill the jackal!
You slash the jackal!
You kill the jackal!
The orc hits you with a +2 dagger of electrocution.
You are electrocuted!!
Ouch! That really hurt!
You die...

#...................
###.######.........
#.### #........
#...# ####### ###.#
###+# #.# #.... #.#
#.... #.# #.... #@#
#.... #o# #.... #l#
#....##†# #...h...#
#.....###
#........s...
#####........
#........


You could see an orc and a leopard gecko.

Vanquished Creatures
  An adder (D:3)
  2 leopard geckos (D:1)
  2 ball pythons
  3 bats
  5 giant cockroaches
  5 hobgoblins
  3 jackals (D:3)
  2 kobolds (D:3)
  2 frilled lizards
  6 goblins
  4 rats
35 creatures vanquished.

Notes
Turn   | Place    | Note
-------+----------+-------------------------------------------
     0 | D:1      | DearestLeader the Demonspawn Gladiator began the quest for
                  | the Orb.
     0 | D:1      | Reached XP level 1. HP: 16/16 MP: 1/1
   262 | D:1      | Gained mutation: You sometimes gain a little power by
                  | taking damage. [demonic ancestry]
   262 | D:1      | Reached XP level 2. HP: 20/22 MP: 2/2
  1841 | D:2      | Reached XP level 3. HP: 27/28 MP: 3/3
  1936 | D:3      | Reached skill level 1 in Armour
  2074 | D:3      | Slain by an orc

Illustrated notes

Levels and vault maps discovered:
D:1:      nagdon_arrival_zigzag_paths, layout_loops_ring, supply_closet_lemuel
D:2:      minmay_wonky_spiral, layout_basic
D:3:      layout_basic, first_ration, lightli_corner_chamber, uniq_terence

Skill      XL: |  1  2  3 |
---------------+----------+-----
Axes           | 3 |  3.3
Armour         | 1 |  1.1
Dodging        | 3 |  3.0
Fighting       | |  2.5
Throwing       | |  1.7

Action                   || total
-------------------------++-------
Melee: War axe           ||   101
  Use: Scroll            ||     2
  Eat: Chunk             ||     4
Armor: Plate armour      ||    42
       Scale mail        ||    35
Dodge: Dodged            ||    46
